 Dungeon Sprint DCSS version 0.17-a0-1718-g72dbe4d (webtiles) character file.

74 Kidiri the Sneak (level 4, 0/21 HPs)
             Began as a Spriggan Enchanter on Aug 26, 2015.
             Slain by a water elemental (15 damage)
             ... in the Dungeon (Sprint III: "The Ten Rune Challenge").
             The game lasted 00:03:08 (365 turns).

Kidiri the Sneak (Spriggan Enchanter)                Turns: 365, Time: 00:03:08

Health: 0/21       AC:  9    Str:  6    XL:     4   Next: 10%
Magic:  1/12       EV: 21    Int: 16    God:
Gold:   13         SH:  0    Dex: 16    Spells: 5 memorised, 1 level left

rFire  . . .     SeeInvis +     a - +1 dagger
rCold  . . .     Clarity  .     b - +1 robe
rNeg   . . .     SustAt   .     (shield restricted)
rPois  +         Gourm    .     (helmet restricted)
rElec  .         Spirit   .     k - +1 cloak {+Inv}
rCorr  .         Warding  .     (gloves unavailable)
rMut   .         NoTele   +     (boots unavailable)
MR     .....                    (no amulet)
Stlth  ++++......               (no ring)
                                (no ring)

@: very slightly contaminated, very quick, not resistant to hostile
enchantments, stealthy
A: unfitting armour, rough black scales 1, see invisible, deterioration 1,
herbivore 3, speed 3, poison resistance, slow metabolism 2, strong 1, wild magic
1
a: Evoke Invisibility


You were in the Dungeon.
You were not hungry.

You visited 1 branch You collected 13 gold pieces.

Inventory:

Hand weapons
 a - a +1 dagger (weapon)
Armour
 b - a +1 robe (worn)
 k - a +1 cloak of invisibility (worn)
Scrolls
 j - a scroll of blinking
 q - 2 scrolls of remove curse {unknown}
Potions
 e - a potion of curing
 f - a potion of heal wounds
 g - a potion of haste
 h - 2 potions of magic
 i - a potion of berserk rage
 o - a potion of cancellation
 p - 3 potions of flight
 s - a potion of cure mutation
Comestibles
 d - a bread ration
 r - a royal jelly


   Skills:
 + Level 3.1 Short Blades
 * Level 6.3 Dodging
 * Level 7.5 Stealth
 * Level 5.3 Spellcasting
 + Level 0.0 Conjurations
 + Level 4.8 Hexes
 + Level 1.0 Ice Magic
 + Level 0.0 Evocations


You had one spell level left.
You knew the following spells:

 Your Spells              Type           Power        Failure   Level  Hunger
a - Corona                Hex            ####...      5%          1    None
b - Ensorcelled Hibernat  Hex/Ice        ###...       19%         2    #......
c - Confuse               Hex            ####....     16%         3    ###....
d - Tukima's Dance        Hex            ####....     16%         3    ###....
e - Dazzling Spray        Conj/Hex       ###.....     30%         3    ###....


Dungeon Overview and Level Annotations

Branches:
Dungeon (1/1)

Altars:


Innate Abilities, Weirdness & Mutations

You are tiny and cannot use many weapons and most armour.
You have supernaturally acute eyesight.
You are a herbivore.
You cover ground extremely quickly.
You need consume almost no food.
You are partially covered in rough black scales (AC +4, Dex -1).
Your body sometimes deteriorates upon taking damage.
Your system is resistant to poisons.
Your muscles are strong. (Str +2)
Your spells are a little harder to cast, but a little more powerful.


Message History

The water elemental is severely damaged.
You hit the water elemental but do no damage.
The water elemental is severely damaged.
You hit the water elemental.
The water elemental is almost destroyed.
The water elemental misses you.
You hit the water elemental.
The water elemental is almost destroyed.
The water elemental closely misses you.
You hit the water elemental but do no damage.
The water elemental is almost destroyed.
The water elemental hits you.
You hit the water elemental but do no damage.
The water elemental is almost destroyed.
The water elemental closely misses you.
You hit the water elemental but do no damage.
The water elemental is almost destroyed.
The water elemental hits you!
Ouch! That really hurt!
You die...

▓▓▓▓▓▓▓▓▓ ▓▓▓ ▓<..#...####
##.# ▓...#......#####..#
▓..##.......#?.#..#
▓##.##.##..)#..#..###+#+##
##.##.###..##+#..#.......
▓#.####.##..###...'.⌠.....
▓.###%.##.@####...#...####
▓#.....##.E###....#.⌠.#
###..##...##.....#...#
#%.##....#......#+###
#..###..##)#.....# #(.#
#..#####....# ▓▓▓▓ ▓▓▓▓
▓▓▓▓▓▓


You could see a water elemental.

Vanquished Creatures
  Crazy Yiuf (D)
  Jessica (D)
  A human (D)
  3 rats (D)
6 creatures vanquished.

Vanquished Creatures (others)
  2 draconian scorchers (D)
  A yaktaur (D)
3 creatures vanquished.

Grand Total: 9 creatures vanquished

Notes
Turn   | Place    | Note
--------------------------------------------------------------
     0 | D        | Kidiri the Spriggan Enchanter began the quest for the Orb.
     0 | D        | Reached XP level 1. HP: 9/9 MP: 5/5
    25 | D        | Noticed Jessica
    32 | D        | Killed Jessica
    32 | D        | Reached skill level 5 in Dodging
    32 | D        | Reached skill level 6 in Stealth
    32 | D        | Reached XP level 2. HP: 13/13 MP: 6/8
    57 | D        | Learned a level 2 spell: Ensorcelled Hibernation
    83 | D        | Noticed Crazy Yiuf
    90 | D        | Killed Crazy Yiuf
    90 | D        | Reached skill level 7 in Stealth
    90 | D        | Reached XP level 3. HP: 16/16 MP: 7/10
    98 | D        | Learned a level 3 spell: Confuse
   117 | D        | Learned a level 3 spell: Tukima's Dance
   180 | D        | Reached skill level 5 in Spellcasting
   180 | D        | Reached skill level 1 in Ice Magic
   180 | D        | Reached XP level 4. HP: 18/21 MP: 3/12
   185 | D        | Learned a level 3 spell: Dazzling Spray
   254 | D        | Killed a white draconian scorcher
   255 | D        | Killed a white draconian scorcher
   274 | D        | Killed a yaktaur
   331 | D        | Gained mutation: Your system is resistant to poisons. [potion of mutation]
   331 | D        | Gained mutation: Your body sometimes deteriorates upon taking damage. [potion of mutation]
   331 | D        | Gained mutation: Your muscles are strong. (Str +2) [potion of mutation]
   332 | D        | Gained mutation: Your spells are a little harder to cast, but a little more powerful. [potion of mutation]
   332 | D        | Gained mutation: You are partially covered in rough black scales (AC +4, Dex -1). [potion of mutation]
   342 | D        | Noticed a water elemental
   365 | D        | Slain by a water elemental

Vault maps used:
D:        dungeon_sprint_mu

Action                   |  1- 3 |  4- 6 || total
-------------------------+-------+-------++-------
Melee: Dagger            |    11 |     8 ||    19
 Cast: Ensorcelled Hiber |     6 |       ||     6
       Confuse           |     1 |       ||     1
       Dazzling Spray    |       |     3 ||     3
  Use: Scroll            |       |     3 ||     3
       Potion            |       |     2 ||     2
 Stab: Sleeping          |     5 |       ||     5
       Confused          |     1 |       ||     1
